 Dungeon Crawl Stone Soup version 0.29.1-12-g30fa7ad0bf (webtiles) character file.

Game seed: 4304970755979535237

3210 LustLizard the Skirmisher (level 9, 0/41 HPs)
             Began as a Spriggan Hunter on Dec 31, 2022.
             Was an Initiate of Dithmenos.
             Slain by a hornet (7 damage)
             ... on level 7 of the Dungeon.
             The game lasted 00:16:35 (8768 turns).

LustLizard the Skirmisher (Spriggan Hunter)         Turns: 8768, Time: 00:16:36

Health: 0/41       AC:  4    Str:  7    XL:     9   Next: 65%
Magic:  10/10      EV: 18    Int: 16    God:    Dithmenos [......]
Gold:   127        SH:  0    Dex: 23    Spells: 8/8 levels left

rFire   . . .      SeeInvis +   a - +1 shortbow
rCold   . . .      Faith    .   (shield currently unavailable)
rNeg    . . .      Spirit   .   c - +0 robe
rPois   +          Reflect  .   q - +2 hat
rElec   .          Harm     .   (no cloak)
rCorr   .          Rampage  .   (gloves unavailable)
Will    +....                   (boots unavailable)
Stlth   +++.......              (no amulet)
HPRegen 0.13/turn               l - ring of poison resistance
MPRegen 0.12/turn               u - +6 ring of intelligence

@: very quick
A: very small, no large weapons, unfitting armour, see invisible, speed 3
a: Renounce Religion


You were on level 7 of the Dungeon.
You worshipped Dithmenos.
Dithmenos was noncommittal.
You visited 2 branches of the dungeon, and saw 9 of its levels.

You collected 458 gold pieces.
You spent 331 gold pieces at shops.

Inventory:

Hand Weapons
 a - a +1 shortbow (weapon)
 s - a +1 arbalest of flaming
Armour
 c - a +0 robe (worn)
 q - a +2 hat (worn)
Jewellery
 l - a ring of poison resistance (left hand)
 u - a +6 ring of intelligence (right hand)
Wands
 k - a wand of charming (19)
 o - a wand of flame (21)
Scrolls
 b - 3 scrolls of immolation
 d - a scroll of identify
 f - 2 scrolls of enchant armour
 h - 6 scrolls of teleportation
 j - 2 scrolls of enchant weapon
 m - a scroll of fog {unknown}
 n - 2 scrolls of summoning {unknown}
 r - a scroll of brand weapon {unknown}
 t - a scroll of vulnerability {unknown}
 v - 2 scrolls of magic mapping
 y - 2 scrolls of noise {unknown}
 A - a scroll of amnesia {unknown}
Potions
 e - 2 potions of heal wounds
 g - 6 potions of curing
 i - 2 potions of might
 p - 2 potions of lignification
 w - a potion of magic {unknown}
 x - a potion of experience {unknown}
 z - a potion of flight {unknown}


   Skills:
 - Level 1.5 Fighting
 * Level 13.8 Ranged Weapons
 - Level 2.7 Dodging
 - Level 4.0 Stealth


You had 8 spell levels left.
You didn't know any spells.
Your spell library contained the following spells:

 Spells                   Type           Power      Damage    Failure   Level
 Necrotise                Necr           0%         1d4       26%         1
 Ensorcelled Hibernation  Hex/Ice        0%         N/A       36%         2
 Passwall                 Tmut/Erth      0%         N/A       36%         2
 Inner Flame              Hex/Fire       0%         N/A       58%         3
 Swiftness                Air            0%         N/A       58%         3
 Vampiric Draining        Necr           0%         2d6       58%         3
 Cause Fear               Hex            0%         N/A       94%         4
 Agony                    Necr           0%         N/A       100%        5
 Discord                  Hex            0%         N/A       100%        8


Dungeon Overview and Level Annotations

Branches:
Dungeon (8/15)             Temple (1/1) D:6
   Lair: D:8-11

Altars:
Ashenzari
Dithmenos
Fedhas
Gozag
Kikubaaqudgha
Makhleb
Okawaru
Qazlal
Ru
Sif Muna
Trog
Uskayaw
Wu Jian
Yredelemnul
Zin
The Shining One

Shops:
D:2 (   D:3 (   D:7 ?


Innate Abilities, Weirdness & Mutations

You are very small and have problems with some larger weapons.
You are too small for most types of armour.
You have supernaturally acute eyesight. (SInv)
You cover ground extremely quickly. (Speed+++)


Message History

The arrow hits the hornet but does no damage.
The hornet completely misses you. The hornet misses you.
You climb upwards.
There is a stone staircase leading down here.
You shoot an arrow. The arrow misses the hornet.
The hornet completely misses you.
You shoot an arrow. The arrow hits the hornet.
The hornet is lightly wounded.
The hornet barely misses you.
You shoot an arrow.
The arrow hits the hornet but does no damage.
The hornet is lightly wounded.
The hornet misses you.
You shoot an arrow. The arrow hits the hornet.
The hornet is lightly wounded.
The hornet closely misses you. The hornet completely misses you.
You shoot an arrow. The arrow hits the hornet.
The hornet is moderately wounded.
The hornet closely misses you.
You shoot an arrow. The arrow hits the hornet.
The hornet is moderately wounded.
The hornet stings you.
You shoot an arrow. The arrow hits the hornet.
The hornet is heavily wounded.
The hornet stings you.
You feel yourself slow down.
You shoot an arrow. The arrow completely misses the hornet.
The hornet closely misses you.
The hornet stings you but does no damage.
You shoot an arrow. The arrow hits the hornet.
The hornet is heavily wounded.
The hornet stings you!
* * * LOW HITPOINT WARNING * * *
You are lethally poisoned!
The hornet barely misses you.
You feel better.
You feel yourself speed up. The hornet stings you!
* * * LOW HITPOINT WARNING * * *
The hornet stings you!
You die...

#...# #.......######.#
#...# #.....)..# #.# #...#
##........# #.# #####
#.........# #.#
##........######.#
#########.........'......#
#...........).....###.##..
#...........####.......###
#........@..######.##.....
#.......y...##...).##...#.
#.......<...##<###.##...#.
##############.###'##...#.
#....#........##
###.####.......... #...#
#......#### #.### #......#
#.# #......#


You could see a hornet.

Vanquished Creatures
  A water moccasin (D:6)
  2 sky beasts
  2 ice beasts
  2 black bears
  6 ogres
  2 centaurs
  3 phantoms
  A bullfrog (D:7)
  A kobold brigand (D:7)
  2 scorpions
  2 necrophages (D:5)
  5 wights (D:7)
  4 howler monkeys
  A hound (D:5)
  A jelly (D:4)
  5 orc priests
  6 iguanas
  Terence (D:2)
  7 orc wizards
  Ijyb (D:3)
  8 adders
  7 gnolls
  2 shadow imps
  An ufetubus (D:7)
  2 worms
  7 dart slugs
  27 orcs
  5 bats
  12 endoplasms
  2 giant cockroaches
  8 goblins
  11 hobgoblins
  2 jackals (D:3)
  A quokka (D:4)
  9 ball pythons
  A frilled lizard (D:2)
  16 kobolds
  4 rats
180 creatures vanquished.

Vanquished Creatures (others)
  4 fungi (D:2)
  3 plants (D:2)
7 creatures vanquished.

Grand Total: 187 creatures vanquished

Notes
Turn   | Place    | Note
-------+----------+-------------------------------------------
     0 | D:1      | LustLizard the Spriggan Hunter began the quest for the Orb.
     0 | D:1      | Reached XP level 1. HP: 10/10 MP: 2/2
   154 | D:1      | Reached XP level 2. HP: 14/14 MP: 3/3
   664 | D:1      | Reached XP level 3. HP: 13/18 MP: 4/4
  1278 | D:2      | Identified the +8 chain mail "Mioh" {+Inv Fly rPois}
  1355 | D:2      | Found a faded altar of an unknown god.
  1545 | D:2      | Noticed Terence
  1612 | D:2      | Killed Terence
  1613 | D:2      | Reached skill level 5 in Ranged Weapons
  1613 | D:2      | Reached XP level 4. HP: 11/22 MP: 5/5
  1970 | D:2      | Found Dergh's Weapon Shoppe.
  2785 | D:3      | Found Ygeucweo's Antique Weapon Shop.
  2786 | D:3      | Noticed Ijyb
  3191 | D:3      | Reached XP level 5. HP: 25/25 MP: 6/6
  3301 | D:3      | Killed Ijyb
  3302 | D:3      | Reached skill level 6 in Ranged Weapons
  4395 | D:4      | Reached skill level 7 in Ranged Weapons
  4395 | D:4      | Reached XP level 6. HP: 30/30 MP: 7/7
  4573 | D:5      | Entered Level 5 of the Dungeon
  4573 | D:5      | Noticed an ice beast
  4785 | D:2      | Bought a +1 arbalest of flaming for 196 gold pieces
  5283 | D:5      | Reached skill level 8 in Ranged Weapons
  5291 | D:5      | Reached XP level 7. HP: 18/33 MP: 8/8
  5331 | D:5      | Noticed a hornet
  5509 | D:5      | Reached skill level 9 in Ranged Weapons
  5602 | D:5      | Reached XP level 8. HP: 23/37 MP: 9/9
  5806 | D:5      | Reached skill level 10 in Ranged Weapons
  6284 | D:6      | Reached skill level 11 in Ranged Weapons
  6340 | D:6      | Found a shimmering blue altar of Sif Muna.
  6453 | D:6      | Found an opulent altar of Gozag.
  6912 | D:6      | Found a staircase to the Ecumenical Temple.
  6918 | Temple   | Entered the Ecumenical Temple
  7075 | Temple   | Became a worshipper of Dithmenos the Shadowed
  7227 | D:6      | Reached skill level 12 in Ranged Weapons
  7254 | D:6      | Reached XP level 9. HP: 41/41 MP: 10/10
  7860 | D:7      | Found Fowo's Magic Scroll Emporium.
  7865 | D:7      | Bought a scroll of identify for 20 gold pieces
  7865 | D:7      | Bought a scroll of identify for 20 gold pieces
  7865 | D:7      | Bought a scroll of identify for 20 gold pieces
  7865 | D:7      | Bought a scroll of magic mapping for 75 gold pieces
  7929 | D:7      | Reached skill level 13 in Ranged Weapons
  8768 | D:7      | Slain by a hornet

Illustrated notes

Levels and vault maps discovered:
D:1:      minmay_arrival_split_and_join, layout_loops_corners, st_stairs_13
D:2:      layout_basic, serial_shops, nicolae_shop_advertising_works
          [nicolae_subvault_shop_adworks], dreamdust_ecumenical_altar_grove,
          serial_forest, infiniplex_forest_clump_tiny, infiniplex_forest_end_2,
          infiniplex_forest_lined_ring, infiniplex_forest_straight_2,
          infiniplex_forest_clump_small, uniq_terence
D:3:      layout_loops_corners, serial_shops, shop, uniq_ijyb
D:4:      layout_loops_ring
D:5:      wander_river, layout_rooms, minmay_holes, corner_web_ring,
          minmay_divided_ellipse
D:6:      layout_cave_pools, nicolae_sif_muna_condensation,
          nicolae_overflow_hidden_temple, minmay_temple_entry_fiery
D:7:      layout_basic, serial_shops, kennysheep_little_box
D:8:      layout_basic, minivault_27, hangedman_decor_diamond_cutter,
          minmay_manual_mess, uniq_psyche
Temple:   dpeg_five_rooms_temple

Skill      XL: |  1  2  3  4  5  6  7  8  9 |
---------------+----------------------------+-----
Stealth        | 2 3 4 |  4.0
Ranged Weapons | 5 7 8 9 12 13 | 13.8
Fighting       | |  1.5
Dodging        | |  2.7

Action                   |  1- 3 |  4- 6 |  7- 9 || total
-------------------------+-------+-------+-------++-------
 Fire: Shortbow          |   128 |   234 |   369 ||   731
  Use: Scroll            |       |     2 |     5 ||     7
       Potion            |       |       |     1 ||     1
Armor: Robe              |     3 |     9 |     8 ||    20
Dodge: Dodged            |    31 |    60 |    83 ||   174
